 Dungeon Crawl Stone Soup version 0.29-a0-284-gf9362112df (webtiles) character file.

Game seed: 17597018184140636387

36 rabbitsville the Grave Robber (level 3, -8/24 HPs)
             Began as a Mummy Necromancer on Mar 17, 2022.
             Mangled by an iguana (13 damage)
             ... on level 3 of the Dungeon.
             The game lasted 00:07:37 (1413 turns).

rabbitsville the Grave Robber (Mummy Necromancer)   Turns: 1413, Time: 00:07:38

Health: -8/24      AC:  2    Str: 11    XL:     3   Next: 19%
Magic:  5/8        EV: 12    Int: 16    God:
Gold:   130        SH:  0    Dex: 12    Spells: 8/9 levels left

rFire   x . .      SeeInvis .   h - +2 trident (venom)
rCold   + . .      Faith    .   (no shield)
rNeg    + + +      Spirit   .   a - +0 robe
rPois   ∞          Reflect  .   (no helmet)
rElec   .          Harm     .   (no cloak)
rCorr   .          Rampage  .   (no gloves)
Will    .....                   (no boots)
Stlth   ++........              (no amulet)
HPRegen 0.08/turn               (no ring)
MPRegen 0.11/turn               (no ring)

@: no status effects
A: cold resistance 1, negative energy resistance 3, torment resistance 2, heat
vulnerability 1, in touch with death 1, no potions
a: no special abilities


You were on level 3 of the Dungeon.
You visited 1 branch of the dungeon, and saw 3 of its levels.

You collected 130 gold pieces.

Inventory:

Hand Weapons
 h - a +2 trident of venom (weapon)
Missiles
 g - 5 poisoned darts
Armour
 a - a +0 robe (worn)
Scrolls
 b - a scroll of vulnerability {unknown}
 c - a scroll of silence {unknown}
 d - a scroll of fear {unknown}
 e - a scroll of immolation {unknown}
 f - 2 scrolls of identify {unknown}


   Skills:
 - Level 1.5 Dodging
 - Level 1.5 Stealth
 + Level 3.8 Spellcasting
 + Level 4.5 Necromancy


You had 8 spell levels left.
You knew the following spells:

 Your Spells              Type           Power      Damage    Failure   Level
a - Pain                  Necr           100%       1d9       2%          1

Your spell library contained the following spells:

 Spells                   Type           Power      Damage    Failure   Level
 Animate Skeleton         Necr           52%        N/A       2%          1
 Vampiric Draining        Necr           26%        2d7       8%          3
 Freeze                   Ice            12%        1d4       17%         1
 Magic Dart               Conj           12%        1d3       17%         1
 Searing Ray              Conj           6%         2d4       26%         2
 Animate Dead             Necr           13%        N/A       26%         4
 Frozen Ramparts          Ice            6%         1d2       45%         3
 Agony                    Necr           26%        N/A       58%         5
 Fulminant Prism          Conj/Hex       1%         3d6       86%         4
 Hailstorm                Conj/Ice       3%         3d3       86%         4
 Summon Forest            Summ/Tloc      1%         N/A       99%         5
 Summon Mana Viper        Hex/Summ       3%         N/A       99%         5
 Summon Cactus Giant      Summ           1%         N/A       100%        6


Dungeon Overview and Level Annotations

Branches:
Dungeon (3/15)

Altars:
Trog

Shops:
D:1 :


Innate Abilities, Weirdness & Mutations

You are immune to poison.
Your flesh is cold resistant. (rC+)
You are immune to negative energy. (rN+++)
You are immune to unholy pain and torment.
You are vulnerable to heat. (rF-)
You are in touch with the powers of death.
You do not drink.


Message History

a +0 hunting sling; a +0 club
Found a stone staircase leading down.
You now have 114 gold pieces (gained 18).
You now have 130 gold pieces (gained 16).
You see here a lumpy red potion.
Found a stone staircase leading up.
f - 2 scrolls labelled VEPNEI BUYG (gained 1)
Found a bloodstained altar of Trog.
An endoplasm comes into view.
Aiming: Pain (safe; 2% risk of failure)
Press: ? - help, Q - select action, (/) - cycle Shift-Dir - straight line, f - endoplasm
Aim: an endoplasm (asleep, chance to affect: 93%)
You feel a surge of power!
The endoplasm quivers.
The endoplasm writhes in agony.
Aiming: Pain (safe; 2% risk of failure)
Press: ? - help, Q - select action, (/) - cycle Shift-Dir - straight line, f/p - endoplasm
Aim: an endoplasm (severely wounded, chance to affect: 93%)
You feel a surge of power!
The endoplasm writhes in agony.
You kill the endoplasm!
Aiming: Pain (safe; 2% risk of failure)
Press: ? - help, Q - select action, (/) - cycle Shift-Dir - straight line You feel a surge of power!
Nothing appears to happen.
An iguana comes into view.
The iguana hisses angrily.
Aiming: Pain (safe; 2% risk of failure)
Press: ? - help, Q - select action, (/) - cycle Shift-Dir - straight line, f - iguana
Aim: an iguana (chance to affect: 88%)
You feel a surge of power!
The iguana barely resists.
The iguana barely misses you.
You barely miss the iguana. The iguana bites you.
You closely miss the iguana. The iguana bites you.
You hit the iguana.
The iguana is poisoned.
The iguana is lightly wounded.
The iguana bites you!
* * * LOW HITPOINT WARNING * * *
The iguana attacks as you move away! The iguana closely misses you.
The iguana attacks as you move away! The iguana bites you!
Ouch! That really hurt!
You die...

#####.#.#.#.#.#
#.#.#.#.#.# #.#.#.#.#.#
####.#.#.#.#.#
#....#.#.#.#.#
#.####.#...#.# ###.#
#.#####.#
#...####.......#####
###.##>.l@..............
#.............##########
#._..#.....##.#
#...#.####.##.#
##.##......##.# #.
..#######.####
####............#
#######......#
#......#######


You could see an iguana (very poisoned).

Vanquished Creatures
  A worm (D:2)
  6 endoplasms
  A giant cockroach (D:2)
  2 goblins
  3 hobgoblins (D:1)
  3 kobolds (D:1)
  A quokka (D:2)
  4 ball pythons
  3 bats
  3 frilled lizards
  4 rats
31 creatures vanquished.

Notes
Turn   | Place    | Note
-------+----------+-------------------------------------------
     0 | D:1      | rabbitsville the Mummy Necromancer began the quest for the
                  | Orb.
     0 | D:1      | Reached XP level 1. HP: 13/13 MP: 4/4
     3 | D:1      | Noticed an electric eel
     4 | D:1      | Noticed an electric eel
   209 | D:1      | Reached XP level 2. HP: 19/19 MP: 1/6
   498 | D:1      | Found Waisaum's Book Shoppe.
   975 | D:2      | Gained mutation: You are in touch with the powers of death.
                  | [Mummy growth]
   975 | D:2      | Reached XP level 3. HP: 24/24 MP: 1/8
  1391 | D:3      | Found a bloodstained altar of Trog.
  1413 | D:3      | Mangled by an iguana

Illustrated notes

Levels and vault maps discovered:
D:1:      arrival_aquarium_b, layout_rooms, serial_shops, shop,
          skrybe_limestone_x, serial_bayou_pond_e, minmay_tromino_v4_c
D:2:      layout_rooms
D:3:      layout_basic, bloody_trog,
          nicolae_gozag_cash_rules_everything_around_me

Skill      XL: |  1 |
---------------+----+-----
Spellcasting   | 3 |  3.8
Dodging        | |  1.5
Stealth        | |  1.5
Necromancy     | |  4.5

Action                   || total
-------------------------++-------
Melee: Unarmed           ||     1
       Trident           ||     3
 Cast: Pain              ||    52
Dodge: Dodged            ||     3

Table legend: (Time is in decaauts)
 A = Elapsed time spent in this place.
 B = Non-inter-level travel time spent in this place.
 C = Inter-level travel time spent in this place.
 D = Time resting spent in this place.
 E = Time spent auto-exploring this place.
 F = Levels seen in this place.
 G = Mean time per level.
                   A        B        C        D        E       F      G
               +--------+--------+--------+--------+--------+-----+--------+
         Total |   1412 |   1387 |     25 |    151 |    780 |   3 |  470.7 |
       Dungeon |   1412 |   1387 |     25 |    151 |    780 |   3 |  470.7 |
               +--------+--------+--------+--------+--------+-----+--------+

Top non-repeatable levels by time:
     D:1: 703 daAuts
     D:2: 568 daAuts
     D:3: 140 daAuts
